[Event "Titled Tuesday Blitz December 13 Late 2022"]
[White "Kamsky, Gata"]
[Black "Van Dael, Siem"]
[WhiteFideId "2000024"]
[BlackFideId "1049771"]
[WhiteElo "2897"]
[BlackElo "2178"]
[Result "0-1"]
[Round "03"]
[TimeControl "180+1"]
[Date "2022.12.14"]
[WhiteClock "0:00:02"]
[BlackClock "0:00:12"]

1. e4 d5 2. exd5 Nf6 3. d4 Bg4 4. Be2 Bxe2 5. Qxe2 Qxd5 6. Nf3 e6 7. O-O Nc6 8. Rd1 O-O-O 9. c4 Qh5 10. Nc3 Rg8 11. Be3 g5 12. g3 Bd6 13. Kg2 Ng4 14. h3 Nxe3+ 15. Qxe3 g4 16. hxg4 Qxg4 17. Qe4 Qg7 18. Kf1 Kb8 19. Ne2 Rde8 20. c5 f5 21. Qe3 f4 22. Nxf4 Bxf4 23. Qxf4 Ref8 24. Qe4 Nb4 25. Rac1 Qf6 26. Rc3 h5 27. Rb3 Nd5 28. c6 b6 29. Ke2 Rg4 30. Qd3 Ne7 31. Rc1 e5 0-1


[Site "https://www.chess.com"]

[Event "Titled Tuesday Blitz December 13 Late 2022"]
[White "Karas, Marek"]
[Black "Rorrer, Grayson"]
[WhiteFideId "14928558"]
[BlackFideId "30944996"]
[WhiteElo "2440"]
[BlackElo "2680"]
[Result "0-1"]
[Round "03"]
[TimeControl "180+1"]
[Date "2022.12.14"]
[WhiteClock "0:00:17"]
[BlackClock "0:00:17"]

1. h4 e5 2. c4 c6 3. d4 Bb4+ 4. Bd2 Bxd2+ 5. Qxd2 d6 6. Nc3 Nf6 7. Nf3 Qe7 8. e3 Bf5 9. Be2 O-O 10. Rd1 Re8 11. dxe5 dxe5 12. Qd6 Qxd6 13. Rxd6 Nbd7 14. O-O a5 15. Rc1 Nc5 16. Nh2 Kf8 17. Nf1 Ke7 18. Rcd1 Bc2 19. R1d2 Nce4 20. Nxe4 Bxe4 21. Ng3 Bb1 22. a3 Nd5 23. R6xd5 cxd5 24. cxd5 Red8 25. e4 g6 26. f3 Rac8 27. Bd1 f5 28. h5 f4 29. Ne2 Ba2 30. hxg6 hxg6 31. Nc3 Bc4 32. Be2 Bxe2 33. Rxe2 Rc5 34. Rd2 b5 35. Kh2 b4 36. axb4 axb4 37. Na2 Rb8 38. Kh3 b3 39. d6+ Kd7 40. Nc3 Rxc3 41. Kg4 Rc2 0-1


[Site "https://www.chess.com"]

[Event "Titled Tuesday Blitz December 13 Late 2022"]
[White "Khandelwal, Ankush"]
[Black "Romero Ruscalleda, Josep"]
[WhiteFideId "413470"]
[BlackFideId "2231859"]
[WhiteElo "2271"]
[BlackElo "2183"]
[Result "1-0"]
[Round "03"]
[TimeControl "180+1"]
[Date "2022.12.14"]
[WhiteClock "0:01:22"]
[BlackClock "0:01:04"]

1. e4 g6 2. d4 Bg7 3. Nc3 d6 4. Bf4 a6 5. Qd2 b5 6. Nf3 Bb7 7. a3 Nf6 8. Bd3 Nbd7 9. Bh6 Bxh6 10. Qxh6 e5 11. dxe5 Nxe5 12. Nxe5 dxe5 13. O-O-O Qe7 14. Be2 Rd8 15. Rxd8+ Kxd8 16. Qh3 Ne8 17. Rd1+ Nd6 18. a4 b4 19. Nd5 Bxd5 20. Rxd5 Qg5+ 21. Kb1 Ke7 22. Bxa6 Ra8 23. Bf1 Rxa4 24. Qb3 Ra7 25. Qxb4 Qf4 26. Qc5 Qxe4 27. Rxe5+ 1-0


[Site "https://www.chess.com"]

[Event "Titled Tuesday Blitz December 13 Late 2022"]
[White "Klukin, Kirill"]
[Black "Vargas, Mauricio"]
[WhiteFideId "24199273"]
[BlackFideId "4404572"]
[WhiteElo "2300"]
[BlackElo "2025"]
[Result "1-0"]
[Round "03"]
[TimeControl "180+1"]
[Date "2022.12.14"]
[WhiteClock "0:02:43"]
[BlackClock "0:00:35"]

1. f4 e5 2. fxe5 d6 3. e6 Bxe6 4. Nf3 Nc6 5. g3 Ne5 6. Bg2 Qd7 7. Nxe5 dxe5 8. Bxb7 Bh3 9. Bxa8 Bc5 10. e3 Bd6 11. Qf3 Nf6 12. Bc6 Bg4 13. Bxd7+ Kxd7 14. Qb7 a5 15. O-O Bh3 16. Rxf6 gxf6 17. Nc3 Rg8 18. Ne4 Rg6 19. d4 a4 20. Bd2 h5 21. Nxd6 Kxd6 22. Bb4+ Kd7 23. dxe5 fxe5 24. Rd1+ Ke6 25. Qc6+ Kf5 26. Rf1+ Kg5 27. Be7+ Kh6 28. Rf6 Be6 29. Rxg6+ Kxg6 30. Qxc7 Kf5 31. Bf8 f6 32. Bg7 Kg6 33. Qe7 Bg4 34. Qxf6+ Kh7 35. Bh6 Kg8 36. Qg7# 1-0


[Site "https://www.chess.com"]

[Event "Titled Tuesday Blitz December 13 Late 2022"]
[White "Korchmar, Vasiliy"]
[Black "Deac, Bogdan-Daniel"]
[WhiteFideId "24131750"]
[BlackFideId "1226380"]
[WhiteElo "2370"]
[BlackElo "2649"]
[Result "0-1"]
[Round "03"]
[TimeControl "180+1"]
[Date "2022.12.13"]
[WhiteClock "0:00:06"]
[BlackClock "0:00:24"]

1. e4 c6 2. d4 d5 3. e5 Bf5 4. c4 e6 5. Nc3 Ne7 6. Nf3 Nd7 7. Be2 dxc4 8. Bxc4 Nd5 9. O-O Be7 10. Bd3 N7b6 11. Bxf5 exf5 12. Ne2 O-O 13. Ng3 g6 14. Bh6 Re8 15. Rc1 Nc7 16. Qd2 Ne6 17. Rfd1 Nd5 18. a3 Qb6 19. h4 Rad8 20. Qc2 Bf8 21. Bxf8 Rxf8 22. h5 Qc7 23. h6 Qe7 24. b4 Ng5 25. Nd2 Ne6 26. Nf3 a6 27. Qb3 Rd7 28. Rd2 Rfd8 29. Rcd1 Qf8 30. Nh4 Qxh6 31. Nhxf5 gxf5 32. Nxf5 Qf4 33. Qh3 Ne7 34. Nd6 Rxd6 35. exd6 Qxd6 36. Rd3 Nf4 37. Qg4+ Neg6 38. Re3 Nd5 39. Rh3 Re8 40. Qh5 Nf6 41. Qg5 Qf4 42. Qc5 Qg4 43. Rdd3 Re1+ 44. Kh2 Qe2 45. Rhf3 Qf1 46. Qd6 Qh1+ 47. Kg3 Ne4+ 0-1


[Site "https://www.chess.com"]

[Event "Titled Tuesday Blitz December 13 Late 2022"]
[White "Kravtsiv, Martyn"]
[Black "Andrews, Todd"]
[WhiteFideId "14113147"]
[BlackFideId "2012456"]
[WhiteElo "2695"]
[BlackElo "2360"]
[Result "1-0"]
[Round "03"]
[TimeControl "180+1"]
[Date "2022.12.13"]
[WhiteClock "0:02:00"]
[BlackClock "0:00:59"]

1. e4 e6 2. d4 d5 3. e5 c5 4. c3 cxd4 5. cxd4 Nc6 6. Nf3 f6 7. Bb5 Bd7 8. O-O Nh6 9. Re1 Nf7 10. Nc3 fxe5 11. dxe5 Bc5 12. Nxd5 exd5 13. e6 O-O 14. exf7+ Rxf7 15. Qxd5 Qb6 16. Bc4 Bxf2+ 17. Kh1 Rf8 18. Qxd7 Bxe1 19. Bxf7+ Rxf7 20. Qe8+ Rf8 21. Qxe1 Nb4 22. Qe4 a5 23. Be3 Qd6 24. Qc4+ Kh8 25. Bc5 Rc8 26. Bxd6 Rxc4 27. Bxb4 axb4 28. Kg1 Rc2 29. Rb1 Kg8 30. Ne5 Re2 31. Nd3 Re4 32. Kf2 Kf7 33. Kf3 Rd4 34. Ke3 Rh4 35. h3 h5 36. Rf1+ Ke6 37. Rf4 1-0


[Site "https://www.chess.com"]

[Event "Titled Tuesday Blitz December 13 Late 2022"]
[White "Lashkin, Jegor"]
[Black "Sargsyan, Anna M."]
[WhiteFideId "13907808"]
[BlackFideId "13308130"]
[WhiteElo "2846"]
[BlackElo "2625"]
[Result "1/2-1/2"]
[Round "03"]
[TimeControl "180+1"]
[Date "2022.12.14"]
[WhiteClock "0:00:03"]
[BlackClock "0:00:05"]

1. e4 e5 2. Nf3 Nc6 3. Bc4 Bc5 4. c3 Nf6 5. d3 d6 6. O-O O-O 7. h3 h6 8. Re1 Be6 9. Bb5 Ne7 10. d4 exd4 11. cxd4 Bb4 12. Nc3 c6 13. Bd3 Re8 14. a3 Ba5 15. Bd2 Bc7 16. Qc2 Qd7 17. Re3 Ng6 18. d5 cxd5 19. Bb5 Qd8 20. exd5 Bd7 21. Bd3 Ne5 22. Nxe5 dxe5 23. Rae1 Rc8 24. Qb3 Bd6 25. Rf3 Qb6 26. Qxb6 axb6 27. Bf5 Rc4 28. Bxd7 Nxd7 29. Ne4 Bf8 30. Bc3 b5 31. Nd2 Rc5 32. Rd3 f6 33. g4 Nb6 34. d6 Rd8 35. Ne4 Rc6 36. Red1 Nc4 37. Rd5 b6 38. Rxb5 Nxd6 39. Rbd5 Kf7 40. Bb4 Ke6 41. Nc3 Be7 42. Kg2 Nf7 43. Rxd8 Bxd8 44. Re1 Be7 45. Bxe7 Kxe7 46. Re4 Kd6 47. Rb4 Ng5 48. h4 Ne6 49. Ne4+ Kc7 50. Ng3 Nd4 51. Nf5 Nxf5 52. gxf5 Kd6 53. Rg4 Rc7 54. Rb4 Kc5 55. Kf3 Rd7 56. Rg4 h5 57. Rb4 Rd3+ 58. Ke2 Rh3 59. Re4 Rh2 60. Rb4 Rh1 61. Kf3 Re1 62. Kg2 Rd1 63. Rb3 Rd4 64. Kh3 Rf4 65. Rg3 Rxf5 66. Kg2 Rf4 67. Rxg7 Rxh4 68. Rf7 Rf4 69. Kg3 Kb5 70. Re7 h4+ 71. Kg2 Ka4 72. Rb7 b5 73. Rb6 f5 74. Re6 e4 75. Re5 b4 76. axb4 Kxb4 77. Rd5 Rf3 78. Kg1 Kc4 79. Rd8 Kb3 80. Rb8+ Kc4 81. b4 Rb3 82. Rf8 Rxb4 83. Rxf5 Kd3 84. Rf4 h3 85. Kh2 Rb2 86. Kxh3 e3 87. fxe3 Kxe3 88. Rf8 Rf2 89. Rxf2 Kxf2 1/2-1/2


[Site "https://www.chess.com"]

[Event "Titled Tuesday Blitz December 13 Late 2022"]
[White "Malka, Samuel"]
[Black "Timmermans, Mark"]
[WhiteFideId "20643675"]
[BlackFideId "1026399"]
[WhiteElo "2438"]
[BlackElo "2676"]
[Result "0-1"]
[Round "03"]
[TimeControl "180+1"]
[Date "2022.12.14"]
[WhiteClock "0:00:09"]
[BlackClock "0:00:14"]

1. d4 Nf6 2. c4 e6 3. Nf3 d5 4. g3 Be7 5. Bg2 O-O 6. O-O dxc4 7. Qc2 b5 8. a4 b4 9. Nfd2 c6 10. Nxc4 Qxd4 11. Rd1 Qc5 12. Be3 Qh5 13. Nbd2 e5 14. f3 Bf5 15. Qb3 Be6 16. Qc2 Nd5 17. Bf2 a5 18. e4 Nc7 19. Nb6 Ra6 20. Bf1 h6 21. Bxa6 Ncxa6 22. Nbc4 Bd8 23. Qd3 Nd7 24. b3 f5 25. Nd6 Nac5 26. Qe2 fxe4 27. N6xe4 Nxe4 28. Qxe4 Bd5 29. Qg4 Qf7 30. Be3 Nf6 31. Qf5 Bc7 32. Ne4 Bxb3 33. Rdc1 Bd5 34. Bc5 Nxe4 35. fxe4 Qxf5 36. exf5 Rxf5 37. Re1 e4 38. Rf1 Rxf1+ 39. Kxf1 b3 40. Rb1 Be5 41. Ke2 b2 42. Ba3 Ba2 43. Bxb2 Bxb1 44. Bxe5 Bc2 45. Bc7 Bxa4 46. Bxa5 c5 47. Ke3 Bc2 48. Bc3 Kf7 49. h4 h5 50. Kf4 g6 51. Ke3 Ke6 52. Bh8 Kd5 53. Kd2 Bb1 54. Kc3 e3 55. Bf6 Ke4 56. Bg5 Kf3 57. Bf4 e2 58. Kd2 Kf2 59. Be3+ Kf1 0-1


[Site "https://www.chess.com"]

[Event "Titled Tuesday Blitz December 13 Late 2022"]
[White "Marchesich, Giovanni"]
[Black "Itgelt, Khuyagtsogt"]
[WhiteFideId "2824790"]
[BlackFideId "4902912"]
[WhiteElo "2200"]
[BlackElo "2227"]
[Result "1-0"]
[Round "03"]
[TimeControl "180+1"]
[Date "2022.12.14"]
[WhiteClock "0:00:24"]
[BlackClock "0:00:56"]

1. e4 e6 2. d4 d5 3. Bd3 c5 4. exd5 exd5 5. Nf3 c4 6. Be2 Nc6 7. O-O Bd6 8. b3 b5 9. a4 Ba6 10. axb5 Bxb5 11. Nc3 a6 12. Nxd5 Bxh2+ 13. Nxh2 Qxd5 14. Bf3 Qd7 15. Re1+ Nge7 16. Bxc6 Bxc6 17. Ba3 O-O 18. Bxe7 Rfe8 19. Bc5 Qd5 20. Nf3 cxb3 21. cxb3 g5 22. Qd2 f6 23. Rxe8+ Rxe8 24. Re1 Rxe1+ 25. Nxe1 Qxb3 26. Qb4 Qd1 27. Qb8+ Kg7 28. Qf8+ Kg6 29. Qg8+ Kf5 30. Qxh7+ Ke6 31. Qe7+ Kf5 32. Qe3 Be4 33. f3 Bb1 34. Kh2 g4 35. fxg4+ Qxg4 36. Qf3+ Qxf3 37. gxf3 Ke6 38. Kg3 a5 39. Kf4 Kd5 40. Ke3 Kc4 41. Ng2 a4 42. Nf4 Bf5 43. Nh5 Kb3 44. Nxf6 a3 45. Bxa3 Kxa3 46. Kf4 Bh3 47. Ke5 Kb4 48. d5 Kc5 49. d6 Kc6 50. f4 Kb7 51. f5 Kc8 52. Ke6 Kd8 53. Ne4 Bg4 54. Nc5 Bf3 55. d7 Bc6 56. Kd6 Bxd7 57. Nxd7 Ke8 58. Ke6 Kd8 59. f6 Ke8 60. f7+ Kd8 61. f8=Q+ Kc7 62. Nf6 Kc6 63. Qe7 Kb5 64. Ng8 Kc4 65. Qd7 Kc5 66. Ke5 Kc4 67. Qd6 Kb5 68. Ke4 Kc4 69. Qd5+ Kb4 70. Ke3 Kc3 71. Qd4+ Kc2 72. Ke2 Kb3 73. Qc5 Ka4 74. Qb6 Ka3 75. Kd3 Ka2 76. Kc3 1-0


[Site "https://www.chess.com"]

[Event "Titled Tuesday Blitz December 13 Late 2022"]
[White "Martinez Alcantara, Jose Eduardo"]
[Black "Gasparyan, David"]
[WhiteFideId "3805662"]
[BlackFideId "13311980"]
[WhiteElo "2707"]
[BlackElo "2409"]
[Result "1-0"]
[Round "03"]
[TimeControl "180+1"]
[Date "2022.12.14"]
[WhiteClock "0:01:22"]
[BlackClock "0:00:21"]

1. e4 c5 2. Nf3 e6 3. c3 d5 4. exd5 Qxd5 5. d4 Nf6 6. Be3 cxd4 7. cxd4 Bb4+ 8. Nc3 Nc6 9. Bd3 O-O 10. O-O Qh5 11. h3 Nd5 12. Nxd5 exd5 13. Rc1 Bd6 14. a3 Bd7 15. b4 Rae8 16. b5 Nd8 17. Ne5 Qxd1 18. Rfxd1 Bxe5 19. dxe5 Rxe5 20. Bxa7 Ne6 21. Ra1 Rc8 22. a4 g6 23. Bf1 Nc5 24. a5 Ne4 25. a6 bxa6 26. bxa6 Nc3 27. Rdc1 Re6 28. Bd4 Ne2+ 29. Bxe2 Rxc1+ 30. Rxc1 Rxe2 31. a7 Re8 32. Rc7 Bb5 33. Rb7 Bc6 34. Rb8 Kf8 35. Bc5+ 1-0


[Site "https://www.chess.com"]

[Event "Titled Tuesday Blitz December 13 Late 2022"]
[White "Mazurkiewicz, Michal"]
[Black "Kazakouski, Valery"]
[WhiteFideId "1124943"]
[BlackFideId "13507443"]
[WhiteElo "2474"]
[BlackElo "2770"]
[Result "0-1"]
[Round "03"]
[TimeControl "180+1"]
[Date "2022.12.14"]
[WhiteClock "0:00:01"]
[BlackClock "0:00:28"]

1. e4 e5 2. Nf3 Nc6 3. d3 d5 4. exd5 Qxd5 5. g3 Bg4 6. Bg2 e4 7. Qe2 Nf6 8. h3 Nd4 9. dxe4 Nxe4 10. Nc3 Bb4 11. Kf1 Bxc3 12. Qd3 Bxf3 13. Bxf3 Nxg3+ 14. fxg3 Qxf3+ 15. Qxf3 Nxf3 16. bxc3 O-O-O 17. Bf4 Rhe8 18. Kg2 Nd2 19. Rhe1 Ne4 20. Re3 g5 21. Rae1 Rd2+ 22. Kg1 gxf4 23. Rxe4 Rxe4 24. Rxe4 fxg3 25. Re7 Rh2 26. Rxf7 Rxh3 27. Kg2 Rh2+ 28. Kxg3 Rxc2 29. Rf3 Rxa2 30. Kf4 Re2 31. Kf5 a5 32. Kf6 a4 33. c4 Rc2 34. Ke7 b6 35. c5 Rxc5 0-1


[Site "https://www.chess.com"]

[Event "Titled Tuesday Blitz December 13 Late 2022"]
[White "Melikyan, Gnel"]
[Black "Melkumyan, Hrant"]
[WhiteFideId "54109990"]
[BlackFideId "13302485"]
[WhiteElo "2138"]
[BlackElo "2604"]
[Result "0-1"]
[Round "03"]
[TimeControl "180+1"]
[Date "2022.12.13"]
[WhiteClock "0:00:05"]
[BlackClock "0:01:13"]

1. e4 c5 2. Nf3 Nc6 3. Bb5 g6 4. O-O Bg7 5. c3 a6 6. Ba4 b5 7. Bb3 c4 8. Bc2 d6 9. a4 Bb7 10. b3 cxb3 11. Bxb3 b4 12. Bb2 Nf6 13. cxb4 Nxb4 14. e5 dxe5 15. Nxe5 O-O 16. Nxf7 Rxf7 17. Bxf7+ Kxf7 18. Qb3+ Qd5 19. Qxd5+ Nbxd5 20. Nc3 Nb4 21. a5 Rd8 22. Na4 Bc6 23. Nc5 Bb5 24. Rfe1 Nc2 25. Ne6 Rd7 26. Ng5+ Kg8 27. Rec1 Rxd2 28. Bc3 Re2 29. Ra2 Nd4 30. Ra3 Nd5 31. Bxd4 Bxd4 32. Rf3 Bf6 33. h4 h6 34. Rc8+ Kg7 35. Nh3 Ra2 36. g3 Rxa5 37. Kg2 Ra2 38. Rc5 Rd2 39. Nf4 Nxf4+ 40. Rxf4 g5 41. hxg5 hxg5 42. Re4 Rd6 43. Rc7 Bc6 0-1


[Site "https://www.chess.com"]

[Event "Titled Tuesday Blitz December 13 Late 2022"]
[White "Nakamura, Hikaru"]
[Black "Yanchenko, Roman"]
[WhiteFideId "2016192"]
[BlackFideId "4137329"]
[WhiteElo "2909"]
[BlackElo "2491"]
[Result "1-0"]
[Round "03"]
[TimeControl "180+1"]
[Date "2022.12.13"]
[WhiteClock "0:00:59"]
[BlackClock "0:00:03"]

1. Nf3 d5 2. d4 Nf6 3. Bf4 Bf5 4. c4 c6 5. Nc3 e6 6. Qb3 Qc8 7. Rc1 Be7 8. cxd5 Nxd5 9. Bd2 Nxc3 10. Bxc3 O-O 11. Nd2 Nd7 12. g3 Nf6 13. Bg2 h6 14. O-O Nd5 15. e4 Nxc3 16. bxc3 Bg6 17. e5 Qc7 18. Be4 Bxe4 19. Nxe4 c5 20. f4 Rad8 21. Qc4 Qa5 22. f5 b5 23. Qb3 exf5 24. Rxf5 cxd4 25. e6 dxc3 26. exf7+ Kh8 27. Qe6 Ba3 28. Rxc3 Rd1+ 29. Kg2 Qd8 30. Rxa3 Qd4 31. Nf2 Rd2 32. Raf3 Qd8 33. Rxb5 Qa8 34. Rf5 Rdd8 35. Qe4 Qb8 36. Re5 Qb6 37. Re8 Qd6 38. Rxd8 Qxd8 39. Nd3 Qb8 1-0


[Site "https://www.chess.com"]

[Event "Titled Tuesday Blitz December 13 Late 2022"]
[White "Naroditsky, Daniel"]
[Black "Vasquez Schroeder, Rodrigo"]
[WhiteFideId "2026961"]
[BlackFideId "3400042"]
[WhiteElo "2628"]
[BlackElo "2603"]
[Result "1-0"]
[Round "03"]
[TimeControl "180+1"]
[Date "2022.12.13"]
[WhiteClock "0:00:53"]
[BlackClock "0:00:54"]

1. e4 c6 2. d4 d5 3. e5 Bf5 4. Nd2 e6 5. Nb3 Nd7 6. Nf3 Ne7 7. Be2 Ng6 8. O-O f6 9. Re1 Bb4 10. c3 Be7 11. exf6 Bxf6 12. Bd3 Bxd3 13. Qxd3 Qe7 14. c4 Qd6 15. Qf5 Ngf8 16. Bf4 Qe7 17. Qc2 dxc4 18. Qxc4 Nb6 19. Qc2 Nd5 20. Bg3 Nd7 21. Re2 O-O 22. Rae1 Rae8 23. Nbd2 N7b6 24. Ne4 Nc8 25. Nc5 Bxd4 26. Nxd4 1-0


[Site "https://www.chess.com"]

[Event "Titled Tuesday Blitz December 13 Late 2022"]
[White "Nasuta, Grzegorz"]
[Black "Keymer, Vincent"]
[WhiteFideId "1141686"]
[BlackFideId "12940690"]
[WhiteElo "2441"]
[BlackElo "2600"]
[Result "1-0"]
[Round "03"]
[TimeControl "180+1"]
[Date "2022.12.13"]
[WhiteClock "0:00:15"]
[BlackClock "0:00:04"]

1. e4 c6 2. d4 d5 3. e5 Bf5 4. Nf3 e6 5. Be2 c5 6. Be3 Qb6 7. Nc3 Nc6 8. O-O Qxb2 9. Qe1 cxd4 10. Bxd4 Nxd4 11. Nxd4 Bb4 12. Rb1 Bxc3 13. Rxb2 Bxe1 14. Rxe1 b6 15. h4 h5 16. Nxf5 exf5 17. c4 Ne7 18. f4 Rd8 19. Rd2 dxc4 20. Rxd8+ Kxd8 21. Bxc4 Ng6 22. g3 Ke7 23. Bd3 Rc8 24. Bxf5 Rc3 25. Kf2 Nf8 26. Re3 Rc5 27. Ra3 a5 28. Bd3 Kd7 29. Rb3 Kc7 30. Ke3 Ne6 31. Rb2 g6 32. Rc2 Kc6 33. Be4+ Kb5 34. Bd3+ Kc6 35. Be4+ Kb5 36. Rb2+ Ka6 37. Rd2 a4 38. Rd7 Rc3+ 39. Kf2 Nc5 40. Rd4 Nxe4+ 41. Rxe4 Rc2+ 42. Re2 Rxe2+ 43. Kxe2 Kb5 44. g4 Kc6 45. f5 Kd7 46. e6+ Ke7 47. exf7 Kxf7 48. fxg6+ Kxg6 49. g5 b5 50. Kd3 b4 51. Kc4 b3 52. axb3 axb3 53. Kxb3 Kf5 54. Kc4 Ke5 55. Kc5 Kf5 56. Kd5 Kg6 57. Ke6 Kg7 58. Ke7 Kg6 59. Kf8 Kf5 60. Kf7 Kg4 61. g6 Kxh4 62. g7 Kh3 63. g8=Q h4 64. Qg5 1-0


[Site "https://www.chess.com"]

[Event "Titled Tuesday Blitz December 13 Late 2022"]
[White "Novikova, Galina"]
[Black "Levine, David"]
[WhiteFideId "4157095"]
[BlackFideId "2011611"]
[WhiteElo "1953"]
[BlackElo "2145"]
[Result "1-0"]
[Round "03"]
[TimeControl "180+1"]
[Date "2022.12.14"]
[WhiteClock "0:00:19"]
[BlackClock "0:00:01"]

1. e4 e5 2. Nf3 Nc6 3. Bc4 Nf6 4. d3 h6 5. Nc3 g6 6. Be3 Bg7 7. Qd2 Ng4 8. Bc5 d6 9. Ba3 O-O 10. h3 Nf6 11. g4 Na5 12. Bb3 Nxb3 13. axb3 c6 14. O-O-O Re8 15. Rhe1 Qc7 16. d4 b5 17. dxe5 dxe5 18. Bd6 Qb6 19. Bxe5 a5 20. g5 hxg5 21. Qxg5 Nh7 22. Qg3 a4 23. Bxg7 Kxg7 24. bxa4 b4 25. Nb1 Rxa4 26. Qd6 Be6 27. Qd4+ Qxd4 28. Nxd4 Bxh3 29. Nxc6 Bg4 30. Rd4 Ra1 31. f4 b3 32. c3 Nf6 33. Ne5 Bh5 34. Rb4 Ng4 35. Rxb3 Nxe5 36. fxe5 Rxe5 37. Ra3 Rxa3 38. Nxa3 Bf3 39. Nc2 Rxe4 40. Rf1 Bg2 41. Rg1 Bf3 42. Nd4 Bh5 43. b4 Kf6 44. Kb2 Ke5 45. b5 1-0


[Site "https://www.chess.com"]

[Event "Titled Tuesday Blitz December 13 Late 2022"]
[White "Oro, Faustino"]
[Black "Dzierzak, Radoslaw"]
[WhiteFideId "20000197"]
[BlackFideId "1161407"]
[WhiteElo "2674"]
[BlackElo "2431"]
[Result "0-1"]
[Round "03"]
[TimeControl "180+1"]
[Date "2022.12.14"]
[WhiteClock "0:00:08"]
[BlackClock "0:00:25"]

1. e4 c6 2. d4 d5 3. e5 c5 4. dxc5 Nc6 5. f4 e6 6. Be3 Nh6 7. Nf3 Be7 8. Nbd2 O-O 9. Be2 f6 10. exf6 Bxf6 11. c3 Ng4 12. Bg1 e5 13. fxe5 Ncxe5 14. Nxe5 Bxe5 15. Nf3 Bf4 16. Qd4 Qe7 17. Kd1 Ne3+ 18. Bxe3 Bxe3 19. Qxd5+ Be6 20. Qh5 Rad8+ 21. Kc2 Bf5+ 22. Kb3 Be6+ 23. Bc4 Bxc4+ 24. Kxc4 Qe6+ 25. Kb4 Rf4+ 26. Nd4 Rdxd4+ 27. cxd4 Rxd4+ 28. Ka3 Qa6+ 0-1


[Site "https://www.chess.com"]

[Event "Titled Tuesday Blitz December 13 Late 2022"]
[White "Osmonbekov, Talaibek"]
[Black "Mikhalsky, Vladimir"]
[WhiteFideId "2017253"]
[BlackFideId "14144352"]
[WhiteElo "2135"]
[BlackElo "2272"]
[Result "1-0"]
[Round "03"]
[TimeControl "180+1"]
[Date "2022.12.14"]
[WhiteClock "0:02:04"]
[BlackClock "0:00:53"]

1. d4 g6 2. Bf4 Bg7 3. Nc3 Nf6 4. e4 O-O 5. Qd2 d6 6. O-O-O b5 7. Bxb5 c6 8. Bd3 Qb6 9. Nf3 Bg4 10. Na4 Qb7 11. h3 Bxf3 12. gxf3 Nbd7 13. h4 Nh5 14. Bh6 Bxh6 15. Qxh6 Qb4 16. Rhg1 Qxa4 17. Qxh5 Qxa2 18. e5 Qa1+ 19. Kd2 Qxb2 20. Bxg6 fxg6 21. Rxg6+ Kf7 22. Rh6+ Kg7 23. Rg1+ Kh8 24. Rxh7# 1-0


[Site "https://www.chess.com"]

[Event "Titled Tuesday Blitz December 13 Late 2022"]
[White "Ozates, Tuna"]
[Black "Galchenko, Matvey"]
[WhiteFideId "6354521"]
[BlackFideId "24175480"]
[WhiteElo "2484"]
[BlackElo "2837"]
[Result "1-0"]
[Round "03"]
[TimeControl "180+1"]
[Date "2022.12.14"]
[WhiteClock "0:00:02"]
[BlackClock "0:00:41"]

1. e4 c5 2. Nf3 g6 3. g3 Bg7 4. Bg2 Nc6 5. O-O e6 6. c3 Nge7 7. Re1 O-O 8. Na3 d5 9. e5 b6 10. d4 Bb7 11. h4 Qd7 12. h5 cxd4 13. cxd4 Rfc8 14. h6 Bf8 15. Bg5 Nb4 16. Nh2 Nf5 17. Ng4 Be7 18. Bxe7 Qxe7 19. Nf6+ Kh8 20. Qd2 Ba6 21. g4 Nh4 22. Re3 Nxg2 23. Kxg2 Rc7 24. Rb3 Nc6 25. Rc1 Rac8 26. Rbc3 Qf8 27. g5 Qb4 28. Qf4 Qe7 29. b4 Bc4 30. Nxc4 Nxb4 31. Nd6 Rxc3 32. Nxc8 Qc7 33. Rxc3 Qxc3 34. Ne4 Qxc8 35. Qf6+ Kg8 36. Qg7# 1-0


[Site "https://www.chess.com"]

[Event "Titled Tuesday Blitz December 13 Late 2022"]
[White "Pace, Christopher"]
[Black "Koutlas, Nikolaos"]
[WhiteFideId "2610167"]
[BlackFideId "25827138"]
[WhiteElo "2287"]
[BlackElo "2167"]
[Result "1-0"]
[Round "03"]
[TimeControl "180+1"]
[Date "2022.12.14"]
[WhiteClock "0:00:18"]
[BlackClock "0:00:43"]

1. e4 a6 2. d4 b5 3. a4 b4 4. a5 Bb7 5. Bd3 e6 6. Nf3 c5 7. dxc5 Bxc5 8. O-O Nf6 9. e5 Ng4 10. h3 h5 11. hxg4 hxg4 12. Ng5 g3 13. Qg4 gxf2+ 14. Rxf2 Nc6 15. Ne4 Bxf2+ 16. Kxf2 Nxe5 17. Qxg7 Ng6 18. Nf6+ Ke7 19. Bxg6 Qf8 20. Qxf8+ Raxf8 21. Be4 d5 22. Bg5 dxe4 23. Nh7+ f6 24. Nxf8 Rxf8 25. Be3 Rc8 26. c3 e5 27. cxb4 Rc2+ 28. Nd2 f5 29. Bc5+ Ke6 30. Ke2 f4 31. Kd1 Rxb2 32. Kc1 e3 33. Kxb2 exd2 34. Rd1 Bxg2 35. Rxd2 Bd5 36. b5 axb5 37. a6 e4 38. Rxd5 e3 39. Bxe3 f3 40. Rd2 1-0


[Site "https://www.chess.com"]

[Event "Titled Tuesday Blitz December 13 Late 2022"]
[White "Pakleza, Zbigniew"]
[Black "Krishnan, Varun"]
[WhiteFideId "1119290"]
[BlackFideId "5054508"]
[WhiteElo "2767"]
[BlackElo "2553"]
[Result "1-0"]
[Round "03"]
[TimeControl "180+1"]
[Date "2022.12.14"]
[WhiteClock "0:00:15"]
[BlackClock "0:00:31"]

1. d4 d5 2. Bf4 Nf6 3. e3 c5 4. c3 Qb6 5. Qb3 c4 6. Qc2 g6 7. Nd2 Bf5 8. Qc1 Bg7 9. h3 O-O 10. Ngf3 Nc6 11. Be2 Ne4 12. O-O Rfe8 13. Bh2 a5 14. Nxe4 Bxe4 15. Nd2 Bf5 16. e4 Bxe4 17. Nxe4 dxe4 18. Bxc4 Rac8 19. Bb3 Nxd4 20. Qe3 a4 21. Bxa4 Qxb2 22. cxd4 Bxd4 23. Qxe4 Red8 24. Bb3 Rd6 25. Bg3 Rf6 26. Rad1 e5 27. Qxb7 Rc3 28. Bxf7+ Rxf7 29. Qxb2 Rxg3 30. Rxd4 1-0


[Site "https://www.chess.com"]

[Event "Titled Tuesday Blitz December 13 Late 2022"]
[White "Papp, Levente"]
[Black "Gardezi, Arsal"]
[WhiteFideId "751243"]
[BlackFideId "30949521"]
[WhiteElo "2618"]
[BlackElo "2390"]
[Result "0-1"]
[Round "03"]
[TimeControl "180+1"]
[Date "2022.12.14"]
[WhiteClock "0:00:03"]
[BlackClock "0:00:45"]

1. g3 g6 2. Bg2 Bg7 3. c4 e6 4. Nc3 Ne7 5. Nf3 d5 6. d4 O-O 7. O-O dxc4 8. e3 Nbc6 9. Qa4 e5 10. dxe5 Be6 11. Ng5 Nxe5 12. Nxe6 fxe6 13. f4 N5c6 14. Qxc4 Qc8 15. b4 Kh8 16. Bb2 e5 17. b5 Nd8 18. fxe5 Nf5 19. g4 Nxe3 20. Rxf8+ Bxf8 21. Qf4 Ne6 22. Qf3 Bc5 23. Kh1 Qf8 24. Ne4 Qxf3 25. Bxf3 Bd4 26. Bxd4 Nxd4 27. Bg2 Nxg4 28. Rd1 Ne6 29. Rd5 Rd8 30. Nc3 Kg7 31. h3 Ne3 32. Rxd8 Nxd8 33. Be4 Nc4 34. Nd5 Nxe5 35. Nxc7 b6 36. Kg2 Nc4 37. a4 Nd2 38. Bc2 Nf7 39. Ne6+ Kf6 40. Nd4 Nc4 41. Nc6 Ne3+ 42. Kf3 Nxc2 43. Nxa7 Nd4+ 44. Ke4 Ne6 45. Nc8 Nc5+ 46. Kd5 Nxa4 47. Kc4 Ke6 48. Kb4 Kd7 49. Na7 Nc5 50. Nc6 Nd6 51. Ne5+ Ke6 52. Nc6 Nd3+ 53. Kc3 Ne5 54. Kb4 Nxc6+ 0-1


[Site "https://www.chess.com"]

[Event "Titled Tuesday Blitz December 13 Late 2022"]
[White "Paravyan, David"]
[Black "Domingo Nunez, Alejandro"]
[WhiteFideId "4194985"]
[BlackFideId "22245561"]
[WhiteElo "2551"]
[BlackElo "2242"]
[Result "1-0"]
[Round "03"]
[TimeControl "180+1"]
[Date "2022.12.13"]
[WhiteClock "0:01:38"]
[BlackClock "0:00:25"]

1. e4 g6 2. d4 Bg7 3. Nf3 c6 4. h3 d5 5. e5 f6 6. Bf4 Nh6 7. exf6 exf6 8. Bd3 O-O 9. O-O Nf7 10. Re1 Nd7 11. Nbd2 Re8 12. c4 Nf8 13. Rxe8 Qxe8 14. cxd5 cxd5 15. Qb3 Qd8 16. Re1 Ne6 17. Bg3 f5 18. Nb1 f4 19. Bh2 g5 20. Nc3 Nc7 21. Qc2 h6 22. Bh7+ Kf8 23. Bg6 Be6 24. Bh5 Qd7 25. h4 Bf5 26. Qb3 g4 27. Ne5 Nxe5 28. dxe5 d4 29. Rd1 Ne6 30. Bxf4 Nxf4 31. Rxd4 Nxh5 32. Rxd7 Bxd7 33. Qxb7 Rd8 34. Qc7 Ke8 35. Ne4 Nf4 36. Nd6+ Ke7 37. Nf5+ 1-0


[Site "https://www.chess.com"]